 Dungeon Sprint DCSS version 0.30-a0-1050-g2766ea1e55 (webtiles) character file.

Game seed: 5466543907115882963

419 Conn the Arsonist (level 6, -6/36 HPs)
             Began as an Octopode Fire Elementalist on Apr 10, 2023.
             Was an Initiate of Sif Muna.
             Mangled by Sonja
             ... wielding a +1 short sword of distortion
              (7 damage)
             ... in the Dungeon (Sprint I: "Red Sonja").
             The game lasted 00:03:10 (342 turns).

Conn the Arsonist (Octopode Fire Elementalist)       Turns: 342, Time: 00:03:13

Health: -6/36      AC:  1    Str:  7    XL:     6   Next: 93%
Magic:  7/16       EV: 14    Int: 20    God:    Sif Muna [......]
Gold:   307        SH:  0    Dex: 12    Spells: 3/19 levels left

rFire   . . .      SeeInvis .    (no weapon)
rCold   . . .      Faith    .    (no shield)
rNeg    . . .      Spirit   .    (helmet restricted)
rPois   .          Reflect  .    (no amulet)
rElec   .          Rampage  .    (no ring)
rCorr   .          NoTele   +    (no ring)
Will    .....                    (no ring)
Stlth   ++++                     (no ring)
HPRegen 0.26/turn                (no ring)
MPRegen 0.15/turn                (no ring)
                                 (no ring)
                                 (no ring)

@: no status effects
A: almost no armour, amphibious, 8 rings, camouflage 1, gelatinous body 1,
(nimble swimmer 1), tentacles
a: Renounce Religion


You were in the Dungeon.
You worshipped Sif Muna.
Sif Muna was noncommittal.
You visited 1 branch You collected 307 gold pieces.

Inventory:

Wands
 d - a wand of mindburst (14)
 e - a wand of flame (19)
Scrolls
 f - a scroll of blinking
 g - a scroll of amnesia {unknown}
Potions
 a - 3 potions of magic
 b - a potion of curing
 c - a potion of heal wounds


   Skills:
 + Level 4.9 Dodging
 - Level 5.8 Stealth
 - Level 0.3 Unarmed Combat
 * Level 7.4 Spellcasting
 * Level 3.4 Conjurations
 + Level 10.3 Fire Magic


You had 3 spell levels left.
You knew the following spells:

 Your Spells              Type           Power      Damage    Failure   Level
a - Foxfire               Conj/Fire      100%       2x1d9     1%          1
b - Scorch                Fire           96%        2d9       1%          2
c - Inner Flame           Hex/Fire       28%        N/A       3%          3
d - Volatile Blastmotes   Fire/Tloc      56%        2d14      3%          3
e - Flame Wave            Conj/Fire      35%        2d10      5%          4
f - Stone Arrow           Conj/Erth      28%        3d8       14%         3

Your spell library contained the following spells:

 Spells                   Type           Power      Damage    Failure   Level
 Sandblast                Erth           14%        2d6       9%          1
 Passwall                 Tmut/Erth      5%         N/A       14%         2


Dungeon Overview and Level Annotations

Branches:
Dungeon (1/1)

Altars:
Cheibriados
Dithmenos
Elyvilon
Fedhas
Gozag
Hepliaklqana
Kikubaaqudgha
Nemelex Xobeh
Okawaru
Qazlal
Ru
Sif Muna
Trog
Uskayaw
Vehumet
Wu Jian
Yredelemnul
Zin
The Shining One

Shops:
D ?

Annotations:
D Sonja


Innate Abilities, Weirdness & Mutations

You cannot wear most types of armour.
You are amphibious.
You can wear up to eight rings at the same time.
Your skin changes colour to match your surroundings (Stealth+).
Your rubbery body absorbs attacks. (AC +1, EV +1)
((You are camouflaged when in or above water. (Stealth+)))
You have tentacles for arms and can constrict up to eight enemies at once.


Message History

Confirm with . or Enter, or press ? or * to list all spells.
You conjure some foxfire!
Your foxfire dissipates! x2
Casting: Foxfire (safe; 1% risk of failure)
Confirm with . or Enter, or press ? or * to list all spells.
You conjure some foxfire!
As you open the door, it creaks loudly!
Sonja, the Graceful Assassin comes into view.
She is wielding a +1 short sword of distortion and quivering curare-tipped darts.
The foxfire hits Sonja but does no damage.
Sonja shouts, "Some dancing partner you are!"
Sonja mumbles some strange words.
Sonja blinks!
Found 108 gold pieces.
Unknown command.
Casting: Foxfire (safe; 1% risk of failure)
Confirm with . or Enter, or press ? or * to list all spells.
Flames lash Sonja.
Sonja is lightly wounded.
Sonja's fire resistance burns away.
Your foxfire dissipates!
Sonja hits you with a +1 short sword of distortion!
Sonja hits you with a +1 short sword of distortion.
Sonja barely misses you.
Casting: Scorch (safe; 1% risk of failure)
Confirm with . or Enter, or press ? or * to list all spells.
The spell is quite dangerous to miscast (5% risk of failure)!
Continue anyway?
Casting: Flame Wave (quite dangerous; 5% risk of failure)
Press: ? - help, Dir - look around, f - activate A wave of flame ripples out!
The flame wave engulfs Sonja!!
Sonja is burned terribly!
Sonja is severely wounded. (Press . to intensify the flame waves.) Sonja hits you with a +1 short sword of distortion!
* * * LOW HITPOINT WARNING * * *
Space warps around you.
* * * LOW HITPOINT WARNING * * *
Sonja hits you with a +1 short sword of distortion.
* * * LOW HITPOINT WARNING * * *
Space warps around you!
You die...

################
#<[#..)..#..'..#
#..'..#..').#..+
#.)#####'#####'#
#..####..#...#.#
#..#__####..##.#
#..#_____##'#_.+
#⌠⌠#_.∩..§'K.._#
####_.§__##_@#'#
#_____###'#.#
####### #.###
$§$ $.$ ##.##
#+#


You could see Sonja (combustible).

Vanquished Creatures
  Sigmund (D)
  A yak (D)
  An ogre (D)
  A jelly (D)
  Ijyb (D)
5 creatures vanquished.

Vanquished Creatures (others)
  17 foxfires (D)
17 creatures vanquished.

Grand Total: 22 creatures vanquished

Notes
Turn   | Place    | Note
-------+----------+-------------------------------------------
     0 | D        | Conn the Octopode Fire Elementalist began the quest for the
                  | Orb.
     0 | D        | Reached XP level 1. HP: 11/11 MP: 3/3
     2 | D        | Noticed Ijyb
     7 | D        | Killed Ijyb
     8 | D        | Reached skill level 5 in Fire Magic
     8 | D        | Reached XP level 2. HP: 13/17 MP: 1/6
     8 | D        | Reached XP level 3. HP: 16/21 MP: 1/7
    27 | D        | Learned a level 2 spell: Scorch
    31 | D        | Learned a level 3 spell: Inner Flame
    46 | D        | Noticed an ogre
    49 | D        | Killed an ogre
    50 | D        | Reached skill level 7 in Fire Magic
    50 | D        | Reached XP level 4. HP: 25/27 MP: 0/10
   132 | D        | Noticed Sigmund
   136 | D        | Killed Sigmund
   137 | D        | Reached skill level 5 in Stealth
   137 | D        | Reached skill level 5 in Spellcasting
   137 | D        | Reached skill level 9 in Fire Magic
   137 | D        | Reached XP level 5. HP: 31/31 MP: 7/13
   137 | D        | Reached XP level 6. HP: 36/36 MP: 7/14
   188 | D        | Learned a level 3 spell: Volatile Blastmotes
   193 | D        | Learned a level 4 spell: Flame Wave
   204 | D        | Found a shimmering blue altar of Sif Muna.
   205 | D        | Found an ornate altar of the Wu Jian Council.
   206 | D        | Found a radiant altar of Vehumet.
   226 | D        | Became a worshipper of Sif Muna the Loreminder
   246 | D        | Found Samaned's Magic Scroll Emporium.
   246 | D        | Found an ancient bone altar of Kikubaaqudgha.
   246 | D        | Found a hazy altar of Hepliaklqana.
   246 | D        | Found a stormy altar of Qazlal.
   246 | D        | Found a hide-covered altar of Uskayaw.
   246 | D        | Found a blossoming altar of Fedhas.
   246 | D        | Found a bloodstained altar of Trog.
   246 | D        | Found an iron altar of Okawaru.
   246 | D        | Found a basalt altar of Yredelemnul.
   246 | D        | Found a glowing golden altar of the Shining One.
   246 | D        | Found a snail-covered altar of Cheibriados.
   246 | D        | Found a sacrificial altar of Ru.
   246 | D        | Found a glowing silver altar of Zin.
   246 | D        | Found a shadowy altar of Dithmenos.
   246 | D        | Found a white marble altar of Elyvilon.
   246 | D        | Noticed a yak
   250 | D        | Killed a yak
   251 | D        | Reached skill level 10 in Fire Magic
   251 | D        | Found an opulent altar of Gozag.
   252 | D        | Found a sparkling altar of Nemelex Xobeh.
   336 | D        | Learned a level 3 spell: Stone Arrow
   340 | D        | Noticed Sonja
   342 | D        | HP: 1/36 [Sonja/+1 short sword of distortion (6)]
   342 | D        | Mangled by Sonja

Illustrated notes

Levels and vault maps discovered:
D:        dungeon_sprint_1 [red_sonja_temple_1, red_sonja_temple_small_1]

Skill      XL: |  1  2  3  4  5  6 |
---------------+-------------------+-----
Stealth        | 3 4 5 |  5.8
Spellcasting   | 3 4 5 7 |  7.4
Fire Magic     | 5 7 9 10 | 10.3
Dodging        | 3 4 |  4.9
Conjurations   | 3 |  3.4
Unarmed Combat | |  0.3

Action                     |  1- 3 |  4- 6 || total
---------------------------+-------+-------++-------
  Melee: Unarmed           |     2 |       ||     2
         Constrict         |     1 |       ||     1
         Tentacles         |     1 |       ||     1
   Cast: Foxfire           |     3 |     8 ||    11
         Scorch            |     2 |     8 ||    10
         Flame Wave        |       |     1 ||     1
    Use: Potion            |     2 |       ||     2
  Dodge: Dodged            |       |     4 ||     4

Table legend: (Time is in decaauts)
 A = Elapsed time spent in this place.
 B = Non-inter-level travel time spent in this place.
 C = Inter-level travel time spent in this place.
 D = Time resting spent in this place.
 E = Time spent auto-exploring this place.
 F = Levels seen in this place.
 G = Mean time per level.
                   A        B        C        D        E       F      G
               +--------+--------+--------+--------+--------+-----+--------+
         Total |    337 |    337 |      0 |    177 |      0 |   1 |  337.0 |
       Dungeon |    337 |    337 |      0 |    177 |      0 |   1 |  337.0 |
               +--------+--------+--------+--------+--------+-----+--------+

Top non-repeatable levels by time:
       D: 337 daAuts
